 Dungeon Crawl Stone Soup version 0.28-a0-172-g787e458d71 (webtiles) character file.

Game seed: 6376826656434074976

159 runemasterragnar the Ruffian (level 5, -4/45 HPs)
             Began as a Naga Transmuter on Aug 16, 2021.
             Slain by Grinder (6 damage)
             ... while paralysed by Grinder
             ... on level 3 of the Dungeon.
             The game lasted 00:06:14 (3667 turns).

runemasterragnar the Ruffian (Naga Transmuter)      Turns: 3667, Time: 00:06:15

Health: -4/45      AC:  5    Str: 12    XL:     5   Next: 40%
Magic:  5/9        EV:  1    Int: 19    God:
Gold:   166        SH:  0    Dex: 11    Spells: 3/9 levels left

rFire   . . .      SeeInvis +     - Unarmed
rCold   . . .      Faith    .   (no shield)
rNeg    . . .      Spirit   .   a - +0 robe
rPois   +          Reflect  .   k - +0 helmet of the Hills {Int+4 SInv}
rElec   .          Harm     .   h - +1 cloak
rCorr   .          Rampage  .   (no gloves)
Will    .....                   (no barding)
Stlth   ++........              (no amulet)
HPRegen 0.15/turn               (no ring)
MPRegen 0.11/turn               (no ring)

@: paralysed, very slow
A: AC +1, large, see invisible, deformed body, poison resistance, slowness 2,
spit poison 1, naga tail 1
a: Spit Poison


You were on level 3 of the Dungeon.
You visited 1 branch of the dungeon, and saw 3 of its levels.

You collected 166 gold pieces.

Inventory:

Armour
 a - a +0 robe (worn)
 h - a +1 cloak (worn)
 k - the +0 helmet of the Hills (worn) {Int+4 SInv}
   (You took it off Robin on level 3 of the Dungeon)

   Int:       It affects your intelligence (+4).
   SInv:      It lets you see invisible.
Jewellery
 n - an amulet of guardian spirit
Scrolls
 b - a scroll of amnesia {unknown}
 c - a scroll of teleportation {unknown}
 d - a scroll of magic mapping {unknown}
 f - a scroll of brand weapon {unknown}
 g - 2 scrolls of identify
 j - 2 scrolls of enchant weapon
 m - a scroll of immolation
Potions
 e - a potion of brilliance
 l - a potion of curing


   Skills:
 + Level 1.9 Fighting
 + Level 2.1 Dodging
 + Level 2.6 Stealth
 + Level 3.4 Unarmed Combat
 + Level 2.7 Spellcasting
 * Level 3.3 Transmutations


You had 3 spell levels left.
You knew the following spells:

 Your Spells              Type           Power      Damage    Failure   Level
a - Beastly Appendage     Tmut           30%        N/A       4%          1
b - Wereblood             Tmut           15%        N/A       6%          2
c - Spider Form           Tmut/Pois      4%         N/A       24%         3

Your spell library contained the following spells:

 Spells                   Type           Power      Damage    Failure   Level
 Blink                    Tloc           N/A        N/A       24%         2
 Sublimation of Blood     Necr           1%         N/A       24%         2
 Ice Form                 Ice/Tmut       8%         N/A       61%         4
 Petrify                  Tmut/Erth      8%         N/A       61%         4
 Irradiate                Conj/Tmut      4%         3d15      91%         5
 Manifold Assault         Tloc           2%         N/A       99%         5
 Storm Form               Tmut/Air       4%         N/A       100%        7


Dungeon Overview and Level Annotations

Branches:
Dungeon (3/15)

Altars:
Xom

Annotations:
D:3 Grinder


Innate Abilities, Weirdness & Mutations

Your serpentine skin is tough. (AC +1)
You have supernaturally acute eyesight. (SInv)
Armour fits poorly on your strangely shaped body.
Your system is resistant to poisons. (rPois)
You cover ground very slowly.
You can spit poison.
You have a snake-like lower body.


Message History

Grinder hits you!
You can move again.
Unknown command.
Unknown command.
You feel much better.
Your transformation is almost over.
Grinder completely misses you.
You completely miss Grinder.
Grinder is lightly wounded.
Grinder hits you.
You barely miss Grinder.
Grinder is lightly wounded.
Your magical contamination has completely faded away.
You hit Grinder but do no damage.
Grinder is lightly wounded.
Grinder closely misses you.
You hit Grinder.
Grinder is lightly wounded.
Grinder hits you.
You writhe in agony.
You barely miss Grinder.
Grinder is lightly wounded.
Grinder gestures at you.
You suddenly lose the ability to move!
Grinder says, "DUCK!"
Grinder hits you!
You writhe in agony.
Grinder hits you.
You writhe in agony.
* * * LOW HITPOINT WARNING * * *
Grinder hits you but does no damage.
Grinder zaps a wand.
The puff of flame misses you.
Your transformation has ended.
Your +1 cloak unmelds from your body.
The +0 helmet of the Hills {Int+4 SInv} unmelds from your body.
Your +0 robe unmelds from your body.
Grinder hits you.
* * * LOW HITPOINT WARNING * * *
You writhe in agony.
* * * LOW HITPOINT WARNING * * *
Grinder zaps a wand.
The puff of flame hits you.
* * * LOW HITPOINT WARNING * * *
Grinder hits you.
You die...

...........###.#..#..............
...........# #.#..#...........(##
...........# #.#..#......########
#'############.)..#......... #
#...# #....###)..#.......... #
###.# #.....)))..#...........
###.#######'###..#####.....###
....#.........#..# #......
..............#.@#
..............##5#
..............##.#
........########.#
#....#####...5.........# #....#
#.............# #....#
#.............# #....#
#.............'
#....#####.............#


You could see Grinder.

Vanquished Creatures
  Robin (D:3)
  5 adders
  4 gnolls
  2 worms (D:2)
  A dart slug (D:2)
  3 orcs (D:3)
  An endoplasm (D:2)
  2 giant cockroaches (D:2)
  12 goblins
  10 hobgoblins
  4 kobolds
  A quokka (D:2)
  2 ball pythons (D:2)
  2 bats
  2 frilled lizards
  3 rats
55 creatures vanquished.

Notes
Turn   | Place    | Note
-------+----------+-------------------------------------------
     0 | D:1      | runemasterragnar the Naga Transmuter began the quest for
                  | the Orb.
     0 | D:1      | Reached XP level 1. HP: 18/18 MP: 3/3
   635 | D:1      | Reached XP level 2. HP: 17/25 MP: 3/5
   881 | D:2      | Reached skill level 1 in Stealth
  1073 | D:2      | Reached XP level 3. HP: 31/31 MP: 4/6
  1442 | D:2      | Found a faded altar of an unknown god.
  1835 | D:2      | Reached XP level 4. HP: 25/38 MP: 7/7
  2213 | D:2      | Found a shimmering altar of Xom.
  2747 | D:3      | Identified the +0 helmet of the Hills {Int+4 SInv}
  2747 | D:3      | Noticed Robin
  2776 | D:2      | Learned a level 2 spell: Wereblood
  2780 | D:2      | Learned a level 3 spell: Spider Form
  3100 | D:3      | Reached XP level 5. HP: 34/45 MP: 4/8
  3256 | D:3      | Killed Robin
  3637 | D:3      | Noticed Grinder
  3640 | D:3      | Paralysed by Grinder for 5 turns
  3647 | D:3      | Paralysed by Grinder for 7 turns
  3660 | D:3      | Paralysed by Grinder for 7 turns
  3666 | D:3      | HP: 2/45 [Grinder/puff of flame (2)]
  3667 | D:3      | Slain by Grinder

Illustrated notes

Levels and vault maps discovered:
D:1:      nicolae_arrival_washed_ashore, layout_basic, minmay_misc_feat_chi
D:2:      layout_loops_cross, basic_altar, shapermc_ecumenical_altar_venn,
          minmay_circle_x
D:3:      layout_basic, guppyfry_early_orc_mine, uniq_robin, uniq_grinder,
          uniq_purgy

Skill      XL: |  1  2  3  4 |
---------------+-------------+-----
Stealth        | 1 2 |  2.6
Dodging        | 2 |  2.1
Transmutations | 3 |  3.3
Fighting       | |  1.9
Unarmed Combat | |  3.4
Spellcasting   | |  2.7

Action                   |  1- 3 |  4- 6 || total
-------------------------+-------+-------++-------
Melee: Unarmed           |    90 |   116 ||   206
       Headbutt          |     9 |     6 ||    15
       Punch             |     1 |       ||     1
 Cast: Beastly Appendage |    16 |    12 ||    28
       Spider Form       |       |     7 ||     7
 Abil: Spit Poison       |     7 |     5 ||    12
  Use: Potion            |     2 |     2 ||     4
       Scroll            |       |     4 ||     4
Armor: Robe              |    17 |    29 ||    46
       Skin              |       |     2 ||     2
Dodge: Dodged            |    47 |    76 ||   123

Table legend: (Time is in decaauts)
 A = Elapsed time spent in this place.
 B = Non-inter-level travel time spent in this place.
 C = Inter-level travel time spent in this place.
 D = Time resting spent in this place.
 E = Time spent auto-exploring this place.
 F = Levels seen in this place.
 G = Mean time per level.
                   A        B        C        D        E       F      G
               +--------+--------+--------+--------+--------+-----+--------+
         Total |   4275 |   4172 |    103 |    274 |   3312 |   3 | 1425.0 |
       Dungeon |   4275 |   4172 |    103 |    274 |   3312 |   3 | 1425.0 |
               +--------+--------+--------+--------+--------+-----+--------+

Top non-repeatable levels by time:
     D:2: 2145 daAuts
     D:1: 1088 daAuts
     D:3: 1042 daAuts
